 Dungeon Crawl Stone Soup version 0.30-a0-748-ge6a52f7cba (webtiles) character file.

Game seed: 2516835352929802931

4156 browni3141 the Fighter (level 10, -4/89 HPs)
             Began as a Mummy Cinder Acolyte on Feb 9, 2023.
             Was a Follower of Ignis.
             Killed from afar by a gargoyle (21 damage)
             ... with a stone arrow
             ... in a bailey.
             The game lasted 00:23:12 (11182 turns).

browni3141 the Fighter (Mummy Cinder Acolyte)      Turns: 11182, Time: 00:23:13

Health: -4/89      AC: 17    Str: 19    XL:     10   Next: 7%
Magic:  12/16      EV: 11    Int: 17    God:    Ignis [*.....]
Gold:   402        SH:  0    Dex:  7    Spells: 15/17 levels left

rFire   . . .      SeeInvis .    H - +3 battleaxe (freeze)
rCold   + . .      Faith    +    (shield currently unavailable)
rNeg    + + +      Spirit   .    E - +0 steam dragon scales
rPois   ∞          Reflect  .    j - +0 helmet
rElec   .          Harm     .    (no cloak)
rCorr   .          Rampage  .    (no gloves)
Will    +....                    (no boots)
Stlth   +                        z - amulet of magic regeneration
HPRegen 0.34/turn                n - +4 ring of protection
MPRegen 0.55/turn                o - +4 ring of slaying

@: fiery-armoured
A: cold resistance 1, negative energy resistance 3, torment resistance 2, heat
vulnerability 1, in touch with death 1, no potions, faith
a: Renounce Religion, Fiery Armour, Foxfire Swarm, Rising Flame


You were in a bailey.
You worshipped Ignis.
Ignis was aware of your devotion.
You visited 1 branch of the dungeon, and saw 8 of its levels.
You also visited: Bailey.

You collected 402 gold pieces.

Inventory:

Hand Weapons
 a - a +2 dagger of venom
 b - a +2 antimagic sling
 e - a -1 hand axe of flaming
 s - a +0 spear
 w - a +0 sling
 C - a +2 hand axe of freezing
 G - a +0 shortbow
 H - a +3 battleaxe of freezing (weapon)
Missiles
 k - a throwing net
 r - 4 curare-tipped darts
Armour
 d - a +0 robe
 i - a +0 scale mail
 j - a +0 helmet (worn)
 u - a +0 leather armour
 v - a +0 ring mail
 y - a +0 kite shield
 E - +0 steam dragon scales (worn)
Jewellery
 c - a ring of resist corrosion
 f - a ring of see invisible
 l - a ring of willpower
 n - a +4 ring of protection (left hand)
 o - a +4 ring of slaying (right hand)
 z - an amulet of magic regeneration (around neck)
 A - a +4 ring of protection
 F - a ring of fire
Scrolls
 g - a scroll of vulnerability
 h - 3 scrolls of amnesia
 m - 4 scrolls of fear
 p - 5 scrolls of teleportation
 q - 3 scrolls of brand weapon
 t - a scroll of fog
 x - a scroll of enchant armour {unknown}
 B - a scroll of immolation {unknown}
 D - a scroll of poison {unknown}


   Skills:
 - Level 12.0 Fighting
 * Level 6.7 Axes
 - Level 2.0 Ranged Weapons
 - Level 1.0 Stealth
 - Level 4.0 Spellcasting
 - Level 3.0 Fire Magic


You had 15 spell levels left.
You knew the following spells:

 Your Spells              Type           Power      Damage    Failure   Level
a - Scorch                Fire           26%        2d6       7%          2

Your spell library contained the following spells:

 Spells                   Type           Power      Damage    Failure   Level
 Slow                     Hex            12%        N/A       16%         1
 Confusing Touch          Hex            3%         N/A       43%         3
 Vampiric Draining        Necr           5%         2d6       43%         3
 Airstrike                Air            1%         2d(1-17)  83%         4
 Summon Lightning Spire   Summ/Air       3%         N/A       83%         4
 Lightning Bolt           Conj/Air       1%         1d12      99%         5


Dungeon Overview and Level Annotations

Branches:
Dungeon (8/15)             Temple (0/1) D:4          Bailey (1/1)
   Lair: D:8-11

Altars:
Gozag
Trog
Wu Jian

Shops:
D:5 !

Annotations:
D:4 2 transporters, sirJeffrey23's ghost, novice GrFi
D:5 Edmund
D:6 2 transporters


Innate Abilities, Weirdness & Mutations

You are immune to poison.
Your flesh is cold resistant. (rC+)
You are immune to negative energy. (rN+++)
You are immune to unholy pain and torment.
You are vulnerable to heat. (rF-)
You are in touch with the powers of death.
You do not drink.
You have a special connection with the divine. (Faith)


Message History

You feel magic returning to you.
Your +3 battleaxe of freezing glows with a cold blue light!
H - a +3 battleaxe of freezing (weapon)
The gargoyle hurls a stone arrow at you.
The stone arrow hits you!
The gargoyle hurls a stone arrow at you.
The stone arrow hits you.
You are too injured to fight recklessly!
You are too injured to fight recklessly!
You slash the gargoyle! You freeze the gargoyle.
The gargoyle is heavily damaged.
The gargoyle hits you with a +0 flail!
You barely miss the gargoyle.
The gargoyle is heavily damaged.
The gargoyle completely misses you.
You hit the gargoyle but do no damage.
The gargoyle is heavily damaged.
The gargoyle hurls a stone arrow at you.
The stone arrow hits you. The gargoyle hits you with a +0 flail.
You hit the gargoyle. You freeze the gargoyle.
The gargoyle is severely damaged.
The gargoyle hits you but does no damage.
You hit the gargoyle but do no damage.
The gargoyle is severely damaged.
The gargoyle hurls a stone arrow at you.
The stone arrow hits you!
* * * LOW HITPOINT WARNING * * *
The gargoyle hits you but does no damage.
The gargoyle is burned by your cloak of flames.
The gargoyle is almost destroyed.
You hit the gargoyle but do no damage.
The gargoyle is almost destroyed.
The gargoyle hurls a stone arrow at you.
The stone arrow hits you!
* * * LOW HITPOINT WARNING * * *
You barely miss the gargoyle.
The gargoyle is almost destroyed.
The gargoyle hurls a stone arrow at you.
The stone arrow hits you!!
You die...

♣♣♣ ♣≈≈ ♣≈≈##
#########≈≈.## #
#...)...#≈≈..####
.##+#.......#≈≈..#..##
............#≈≈......#
.......#########...∩.#
...♣.......)....@....#
♣).♣..........).9....#
.).....#########...∩.#
........# #.≈≈......#
.♣......+ #.≈≈..#..##
.♣......# #.≈≈..####
.♣......# #.≈≈.##
...♣..♣.# #.≈≈##
##.♣.♣..# #.≈≈


You could see a gargoyle.

Vanquished Creatures
  Pikel (D:6)
  Joseph (D:7)
  A hornet (D:7)
  Grinder (D:6)
  Eustachio (D:6)
  A steam dragon (D:7)
  A sky beast (D:8)
  3 ice beasts
  3 black bears (D:6)
  2 orc warriors
  3 centaurs
  A lemure (D:6)
  A phantom (D:6)
  3 kobold brigands
  2 bullfrogs (D:7)
  2 scorpions (D:5)
  8 wights
  A howler monkey (D:6)
  A wolf zombie (Bailey)
  2 jellies
  2 hounds (D:5)
  An orc priest (D:7)
  2 iguanas
  A gnoll bouda (D:4)
  5 orc wizards
  Robin (D:3)
  8 gnolls
  5 adders
  A shadow imp (D:7)
  3 white imps
  4 dart slugs
  21 orcs
  5 bats
  3 endoplasms
  A giant cockroach (D:3)
  17 goblins
  9 hobgoblins
  2 jackals (D:3)
  17 kobolds
  2 quokkas
  13 ball pythons
  4 frilled lizards
  9 orc zombies (Bailey)
  3 rats
178 creatures vanquished.

Vanquished Creatures (others)
  A wight (D:6)
  42 foxfires (D:6)
  2 fungi (D:2)
  A plant (D:5)
46 creatures vanquished.

Grand Total: 224 creatures vanquished

Notes
Turn   | Place    | Note
-------+----------+-------------------------------------------
     0 | D:1      | browni3141 the Mummy Cinder Acolyte began the quest for the
                  | Orb.
     0 | D:1      | Reached XP level 1. HP: 18/18 MP: 2/2
   356 | D:1      | Reached skill level 1 in Stealth
   451 | D:1      | Reached XP level 2. HP: 24/24 MP: 5/5
   457 | D:1      | Learned a level 2 spell: Scorch
   834 | D:1      | Found a faded altar of an unknown god.
  1437 | D:2      | Gained mutation: You are in touch with the powers of death.
                  | [Mummy growth]
  1437 | D:2      | Reached XP level 3. HP: 29/29 MP: 7/7
  2421 | D:3      | Reached skill level 1 in Ranged Weapons
  2424 | D:3      | Reached XP level 4. HP: 22/35 MP: 0/8
  2674 | D:3      | Noticed Robin
  2682 | D:3      | Killed Robin
  3213 | D:3      | Noticed a kobold brigand
  3226 | D:3      | Killed a kobold brigand
  3227 | D:3      | Reached XP level 5. HP: 35/42 MP: 3/11
  3578 | D:3      | Reached skill level 4 in Fighting
  3578 | D:3      | Reached XP level 6. HP: 49/49 MP: 5/12
  3717 | D:4      | Reached skill level 5 in Fighting
  3808 | D:4      | Found a transporter.
  4096 | D:4      | Found a staircase to the Ecumenical Temple.
  4339 | D:4      | Noticed an ice beast
  4358 | D:4      | Killed an ice beast
  4359 | D:4      | Reached skill level 6 in Fighting
  4596 | D:4      | Found a transporter.
  4596 | D:4      | Noticed sirJeffrey23's ghost (novice GrFi)
  4688 | D:5      | Entered Level 5 of the Dungeon
  4964 | D:5      | Reached XP level 7. HP: 59/59 MP: 13/13
  5065 | D:5      | Found Vitam's Distillery.
  5076 | D:5      | Noticed Edmund
  5295 | D:5      | Reached skill level 7 in Fighting
  5829 | D:5      | Reached skill level 8 in Fighting
  6626 | D:6      | Noticed Eustachio
  6642 | D:6      | Killed Eustachio
  6643 | D:6      | Reached XP level 8. HP: 69/69 MP: 1/14
  6733 | D:6      | Found a transporter.
  6756 | D:6      | Noticed a cyclops
  6953 | D:6      | Reached skill level 9 in Fighting
  7033 | D:6      | Noticed a two-headed ogre
  7036 | D:6      | Noticed a red ugly thing
  7037 | D:6      | Found an opulent altar of Gozag.
  7050 | D:6      | Found an ornate altar of the Wu Jian Council.
  7064 | D:6      | Found a transporter.
  7616 | D:6      | Noticed Grinder
  7629 | D:6      | Killed Grinder
  7630 | D:6      | Reached skill level 10 in Fighting
  8232 | D:6      | Reached skill level 11 in Fighting
  8239 | D:6      | Reached XP level 9. HP: 35/81 MP: 1/15
  8441 | D:6      | Found a bloodstained altar of Trog.
  9014 | D:7      | Noticed Joseph
  9423 | D:7      | Reached skill level 12 in Fighting
 10039 | D:7      | Killed Joseph
 10107 | D:7      | Noticed Pikel
 10124 | D:7      | Reached skill level 5 in Axes
 10165 | D:6      | Killed Pikel
 10525 | D:8      | Noticed a two-headed ogre
 10740 | D:8      | Reached XP level 10. HP: 71/89 MP: 5/16
 10806 | D:8      | Found a flagged portal.
 10870 | Bailey   | Entered a bailey
 10947 | Bailey   | Noticed a gargoyle
 11182 | Bailey   | Killed from afar by a gargoyle

Illustrated notes

Levels and vault maps discovered:
D:1:      roderic_chinese_lattice_arrival, layout_basic, basic_ecumenical_altar,
          amcnicky_mini_pool_small, hangedman_abyss_or_decor_stabs
D:2:      layout_loops_corners, dreamdust_mushroom_princess
D:3:      cheibrodos_thug_alley, layout_loops_corners,
          chequers_decorated_corner, nicolae_concentric_dashed_squares_mild,
          minmay_pentomino_pile, uniq_robin
D:4:      layout_basic, minmay_temple_entry_statues, gammafunk_ghost_mausoleum,
          mrwooster_statue_mirror
D:5:      layout_basic, serial_shops, shop_statue, corexii_shack, uniq_edmund
D:6:      layout_loops_corners, lemuel_coloured_pillars_altar,
          gammafunk_temple_overflow_arena, minmay_misc_feat_enclosed,
          uniq_eustachio, uniq_grinder
D:7:      layout_cave_pods, corner_web_ring, uniq_pikel, uniq_joseph
D:8:      minmay_the_grid_triangle_9x9_recursive_2
          [minmay_the_grid_triangle_9x9_prize_center,
          minmay_the_grid_triangle_9x9_pentomino_pain,
          minmay_the_grid_triangle_9x9_steps,
          minmay_the_grid_triangle_9x9_swiss_cheese], layout_loops_ring,
          grunt_temple_overflow_diamond, enter_bailey_6
Bailey:   bailey_polearm_vampire_castle_hellmonk, bailey

Skill      XL: |  1  2  3  4  5  6  7  8  9 |
---------------+----------------------------+-----
Stealth        | 1 |  1.0
Spellcasting   | 2 3 4 |  4.0
Ranged Weapons | 1 2 |  2.0
Fire Magic     | 3 |  3.0
Fighting       | 4 6 8 11 12 | 12.0
Axes           | 6 |  6.7

Action                     |  1- 3 |  4- 6 |  7- 9 | 10-12 || total
---------------------------+-------+-------+-------+-------++-------
  Melee: Hand axe          |     7 |       |    25 |       ||    32
         Spear             |    43 |    85 |       |       ||   128
         Punch             |     1 |     2 |     3 |       ||     6
         Dagger            |       |    42 |   127 |       ||   169
         Battleaxe         |       |       |       |     7 ||     7
   Fire: Sling             |   114 |    26 |    21 |    55 ||   216
         Shortbow          |       |       |    33 |       ||    33
  Throw: Stone             |     5 |       |       |       ||     5
   Cast: Scorch            |     7 |    33 |    86 |     6 ||   132
 Invoke: Fiery Armour      |     1 |       |     4 |     3 ||     8
         Foxfire Swarm     |       |       |     2 |       ||     2
    Use: Scroll            |     1 |     4 |     4 |     1 ||    10
   Stab: Sleeping          |       |     2 |       |       ||     2
 Armour: Robe              |    22 |    38 |       |       ||    60
         Ring mail         |       |       |   111 |       ||   111
         Steam dragon scal |       |       |    30 |     9 ||    39
  Dodge: Dodged            |    61 |    84 |   135 |    19 ||   299

Table legend: (Time is in decaauts)
 A = Elapsed time spent in this place.
 B = Non-inter-level travel time spent in this place.
 C = Inter-level travel time spent in this place.
 D = Time resting spent in this place.
 E = Time spent auto-exploring this place.
 F = Levels seen in this place.
 G = Mean time per level.
                   A        B        C        D        E       F      G
               +--------+--------+--------+--------+--------+-----+--------+
         Total |  11272 |  10401 |    871 |   1319 |   7105 |   9 | 1252.4 |
       Dungeon |  10946 |  10075 |    871 |   1120 |   7073 |   8 | 1368.2 |
        Bailey |    326 |    326 |      0 |    199 |     32 |   1 |  326.0 |
               +--------+--------+--------+--------+--------+-----+--------+

Top non-repeatable levels by time:
     D:5: 2121 daAuts
     D:6: 1966 daAuts
     D:3: 1794 daAuts
     D:7: 1390 daAuts
     D:1: 1169 daAuts
     D:4: 1139 daAuts
     D:2: 996 daAuts
     D:8: 367 daAuts
  Bailey: 326 daAuts
